 Dungeon Crawl Stone Soup version 0.19.3-4-gbf9329e (webtiles) character file.

1121 empire the Skirmisher (level 8, 0/71 HPs)
             Began as a Minotaur Fighter on Jan 27, 2017.
             Slain by an orc wizard
             ... wielding a +0 dagger
              (2 damage)
             ... on level 7 of the Dungeon.
             The game lasted 00:07:55 (4454 turns).

empire the Skirmisher (Minotaur Fighter)            Turns: 4454, Time: 00:07:56

Health: 0/71       AC: 11    Str: 22    XL:     8   Next: 12%
Magic:  8/8        EV:  8    Int:  5    God:
Gold:   339        SH: 10    Dex: 11    Spells: 0 memorised, 7 levels left

rFire  . . .     SeeInvis .     a - +0 long sword
rCold  . . .     Gourm    .     b - +0 scale mail
rNeg   . . .     Faith    .     c - +0 shield
rPois  .         Spirit   .     (helmet restricted)
rElec  .         Reflect  .     p - +0 cloak
rCorr  .         Harm     .     (no gloves)
MR     .....                    y - +1 pair of boots
Stlth  ..........               (no amulet)
                                (no ring)
                                w - ring of wizardry

@: exhausted, very slightly contaminated, slowed, invisible, very slow
A: retaliatory headbutt, horns 2
a: no special abilities


You were on level 7 of the Dungeon.
You were not hungry.

You visited 1 branch of the dungeon, and saw 6 of its levels.
You also visited: Sewer.

You collected 339 gold pieces.

Inventory:

Hand Weapons
 a - a +0 long sword (weapon)
 s - a +1 hand axe of chopping
 u - a +1 dagger of draining
 F - a +0 falchion of holy wrath
 G - the +1 hunting sling of Safa {flame, Int+4 Dex+4, unknown}
   (You found it in a sewer)

   It causes projectiles fired from it to burn those they strike, causing extra
   injury to most foes and up to half again as much damage against particularly
   susceptible opponents.
   It affects your intelligence (+4).
   It affects your dexterity (+4).
Armour
 b - a +0 scale mail (worn)
 c - a +0 shield (worn)
 p - a +0 cloak (worn)
 r - a +0 plate armour
 y - a +1 pair of boots (worn)
 E - the +3 ring mail of Awe {rF+ MR+ MP+9, unknown}
   (You found it in a sewer)

   It protects you from fire.
   It affects your resistance to hostile enchantments.
   It affects your magic capacity (+9).
Jewellery
 w - a ring of wizardry (left hand)
 H - an uncursed ring of resist corrosion {unknown}
Wands
 e - a wand of flame (29/48)
 v - a wand of iceblast (12/15)
 A - a wand of random effects (37/48)
Scrolls
 h - 2 scrolls of noise
 m - a scroll of recharging
 o - 4 scrolls of remove curse
 J - a scroll of identify
Potions
 d - 3 potions of might
 k - a potion of cure mutation {unknown}
 l - 2 potions of curing {unknown}
 n - 2 potions of brilliance {unknown}
 q - 2 potions of lignification {unknown}
 t - 2 potions of flight {unknown}
 x - a potion of mutation {unknown}
 z - 2 potions of agility {unknown}
 B - a potion of magic {unknown}
 C - a potion of haste {unknown}
 D - 2 potions of cancellation {unknown}
 K - a potion of degeneration {unknown}
Comestibles
 f - 7 bread rations
 g - a slice of pizza
 j - 3 meat rations


   Skills:
 + Level 6.8 Fighting
 + Level 6.1 Long Blades
 + Level 6.3 Armour
 + Level 6.8 Shields
 + Level 1.3 Evocations


You had 7 spell levels left.
You didn't know any spells.

Dungeon Overview and Level Annotations

Branches:
Dungeon (7/15)
 Temple: D:4-7

Altars:
Okawaru
Ru
Zin


Innate Abilities, Weirdness & Mutations

You reflexively headbutt those who attack you in melee.
You have a pair of horns on your head.


Message History

The orc priest shouts!
You hear a shout!
Found a lead wand.
A sky beast comes into view.
Okay, then.
An orc and an orc wizard come into view.
The orc wizard shouts!
The orc priest shouts!
The orc wizard gestures at you while chanting.
The puff of flame hits the orc priest.
The orc priest shouts!
The orc shouts!
You see here a lead wand.
e - a wand of flame The orc shouts!
The orc wizard casts a spell at you. The magic dart hits you!
* * * LOW HITPOINT WARNING * * *
You hit the orc.
The orc is heavily wounded.
The orc wizard hits you but does no damage.
You block the orc's attack. The orc wizard hits you with a dagger.
You die...

.. #...
.....
#..#######
#........#
#.##..o..#
#.###.o..#
#....o@..#
#..#######
#. .. .


You could see an orc priest, an orc wizard and an orc.

Vanquished Creatures
  A gargoyle (D:5)
  Sigmund (D:4)
  An ice beast (D:4)
  A centaur (D:5)
  A bullfrog (Sewer)
  A jelly (D:5)
  An orc priest (D:3)
  Jessica (D:3)
  3 worker ants
  3 gnolls (D:3)
  10 adders
  4 oozes
  An adder skeleton (D:4)
  6 worms
  2 dart slugs (D:1)
  7 leopard geckos
  9 orcs
  5 ball pythons (Sewer)
  8 bats
  12 giant cockroaches
  6 goblins
  8 hobgoblins
  5 jackals
  2 quokkas (D:3)
  12 frilled lizards
  8 kobolds
  6 rats
125 creatures vanquished.

Notes
Turn   | Place    | Note
-------+----------+-------------------------------------------
     0 | D:1      | empire the Minotaur Fighter began the quest for the Orb.
     0 | D:1      | Reached XP level 1. HP: 19/19 MP: 0/0
    84 | D:1      | Reached XP level 2. HP: 24/27 MP: 1/1
   348 | D:1      | Reached XP level 3. HP: 27/33 MP: 2/2
  1144 | D:2      | Reached XP level 4. HP: 34/41 MP: 3/3
  1579 | D:3      | Reached XP level 5. HP: 47/47 MP: 4/4
  1741 | D:3      | Noticed Jessica
  1749 | D:3      | Killed Jessica
  1829 | D:3      | Reached skill level 5 in Fighting
  2097 | D:3      | Reached skill level 5 in Shields
  2124 | D:3      | Found a glowing silver altar of Zin.
  2476 | D:4      | Reached XP level 6. HP: 56/56 MP: 5/5
  2711 | D:4      | Found a glowing drain.
  2720 | Sewer    | Entered a sewer
  2935 | Sewer    | Reached skill level 5 in Armour
  2940 | Sewer    | Got a bloodstained ring mail
  2944 | Sewer    | Got a shimmering hunting sling
  3431 | D:4      | Noticed Sigmund
  3440 | D:4      | Killed Sigmund
  3440 | D:4      | Reached skill level 5 in Long Blades
  3440 | D:4      | Reached XP level 7. HP: 36/62 MP: 6/6
  3873 | D:5      | Entered Level 5 of the Dungeon
  4303 | D:5      | Found a sacrificial altar of Ru.
  4303 | D:5      | Found an iron altar of Okawaru.
  4416 | D:5      | Noticed a gargoyle
  4439 | D:5      | HP: 4/96 [gargoyle/morningstar (7)]
  4441 | D:5      | Killed a gargoyle
  4441 | D:5      | Reached skill level 1 in Evocations
  4441 | D:5      | Reached XP level 8. HP: 4/71 MP: 7/7
  4446 | D:5      | You fall through a shaft for 2 floors!
  4453 | D:7      | HP: 2/71 [orc wizard/magic dart (5)]
  4454 | D:7      | Slain by an orc wizard

Skill      XL: |  1  2  3  4  5  6  7 |
---------------+----------------------+-----
Fighting       | 4 5 6 |  6.8
Long Blades    | 3 4 5 6 |  6.1
Armour         | 4 5 6 |  6.3
Shields        | 4 5 6 |  6.8
Evocations     | 1 |  1.3

Action                   |  1- 3 |  4- 6 |  7- 9 || total
-------------------------+-------+-------+-------++-------
Melee: Long sword        |   101 |   167 |    45 ||   313
       Headbutt          |    12 |    41 |    13 ||    66
  Use: Scroll            |       |    11 |     2 ||    13
       Potion            |       |       |     2 ||     2
 Stab: Invisible         |       |       |     1 ||     1
  Eat: Chunk             |       |     9 |     3 ||    12
Armor: Scale mail        |    42 |    75 |    19 ||   136
Dodge: Dodged            |    22 |    63 |    14 ||    99
Block: Shield            |    44 |   124 |    36 ||   204
       Rpst.: Long sword |     2 |    12 |     6 ||    20
